 Dungeon Crawl Stone Soup version 0.25-a0-734-g73332ae (webtiles) character file.

Game seed: 13253239922841943757, levelgen mode: deterministic

5 JarJarBinks the Chiller (level 1, -3/13 HPs)
             Began as a Human Ice Elementalist on Apr 10, 2020.
             Slain by an adder (4 damage)
             ... on level 2 of the Dungeon.
             The game lasted 00:00:47 (247 turns).

JarJarBinks the Chiller (Human Ice Elementalist)     Turns: 247, Time: 00:00:47

Health: -3/13      AC:  2    Str:  8    XL:     1   Next: 88%
Magic:  3/3        EV: 12    Int: 15    God:
Gold:   19         SH:  0    Dex: 13    Spells: 3/4 levels left

rFire    . . .     SeeInvis .   d - -1 trident (curse)
rCold    . . .     Gourm    .   (no shield)
rNeg     . . .     Faith    .   a - +0 robe
rPois    .         Spirit   .   (no helmet)
rElec    .         Reflect  .   (no cloak)
rCorr    .         Harm     .   (no gloves)
MR       .....                  (no boots)
Stlth    ++........             (no amulet)
HPRegen  0.04/turn              (no ring)
MPRegen  0.08/turn              (no ring)

@: no status effects
A: no striking features
a: no special abilities


You were on level 2 of the Dungeon.
You were not hungry.

You visited 1 branch of the dungeon, and saw 2 of its levels.

You collected 19 gold pieces.

Inventory:

Hand Weapons
 d - a cursed -1 trident (weapon)
Armour
 a - a +0 robe (worn)
Scrolls
 b - 2 scrolls of remove curse {unknown}
Comestibles
 c - a ration


   Skills:
 + Level 2.0 Dodging
 + Level 2.0 Stealth
 + Level 2.0 Spellcasting
 + Level 4.2 Ice Magic


You had 3 spell levels left.
You knew the following spells:

 Your Spells              Type           Power        Failure   Level  Hunger
a - Freeze                Ice            ##..         3%          1    #......

Your spell library contained the following spells:

 Spells                   Type           Power        Failure   Level  Hunger
 Frozen Ramparts          Ice            ##....       12%         3    ###....
 Ozocubu's Armour         Chrm/Ice       #.......     28%         3    ###....
 Hailstorm                Conj/Ice       #.......     67%         4    #####..
 Summon Ice Beast         Ice/Summ       #.......     67%         4    #####..


Dungeon Overview and Level Annotations

Branches:
Dungeon (2/15)

Altars:
Qazlal


Message History

An adder comes into view.
Found a scroll labeled YTEX KY ESA.
The adder hisses angrily.
The kobold shouts!
You hear an angry hiss.
A leopard gecko comes into view.
Found a stone staircase leading down.
A bat comes into view.
The bat moves out of view.
Found 23 stones.
You barely miss the kobold. The kobold hits you with a +0 club.
You hit the kobold.
The kobold is severely wounded.
The kobold hits you with a +0 club.
* * * LOW HITPOINT WARNING * * *
The adder closely misses you.
You barely miss the kobold.
The kobold is severely wounded.
The bat barely misses you. The kobold hits you with a +0 club.
* * * LOW HITPOINT WARNING * * *
The adder bites you.
You die...

.# .# ?###._....## .#
...........## .#
#..........# .#
#####..........#
.#####.............(.#
..##... #..........#
...#.######....S.....#
......†.........@b..#
#...#.######...lK...#
<.......#
#......!.....#
##..###.#
#............. #..#
...).............
....# ................
##...
............(.>(.
..#..
#................ #..
. ....


You could see an adder, a leopard gecko, a bat and a kobold.

Vanquished Creatures
  A giant cockroach (D:2)
  2 hobgoblins (D:1)
  A bat (D:1)
  A frilled lizard (D:2)
5 creatures vanquished.

Notes
Turn   | Place    | Note
-------+----------+-------------------------------------------
     0 | D:1      | JarJarBinks the Human Ice Elementalist began the quest for
                  | the Orb.
     0 | D:1      | Reached XP level 1. HP: 13/13 MP: 3/3
   238 | D:2      | Found a stormy altar of Qazlal.
   247 | D:2      | Slain by an adder

Levels and vault maps discovered:
D:1:      dpeg_arrival_radiant, layout_rooms, serial_bayou_pond_d, minivault_5
D:2:      layout_rooms, overflow_temple_1_default, marbit_many_paths,
          nicolae_gozag_cash_rules_everything_around_me,
          chequers_ecumenical_altar_twisty, nrook_mini_backslash

Action                   || total
-------------------------++-------
Melee: Unarmed           ||    25
       Trident           ||     6
 Cast: Freeze            ||     4
Armor: Robe              ||     8
Dodge: Dodged            ||    33

Table legend:
 A = Non-vault XP
 B = Vault XP
 C = Vault XP percentage of total XP
 D = Non-vault monster count
 E = Vault monster count
 F = Vault count percentage of total count
                 A         B        C        D         E       F
            +---------+---------+-------+---------+---------+-------
      Total |       8 |       0 |   0.0 |       5 |       0 |   0.0
            +---------+---------+-------+---------+---------+-------
        D:1 |       5 |       0 |   0.0 |       3 |       0 |   0.0
        D:2 |       3 |       0 |   0.0 |       2 |       0 |   0.0
            +---------+---------+-------+---------+---------+-------
